 Dungeon Crawl Stone Soup version 0.13-a0-1502-g99810c3 (webtiles) character file.

1533 Kae the Basher (level 8, 0/103 HPs)
             Began as a Minotaur Berserker on June 8, 2013.
             Was an Elder of Trog.
             Slain by an orc wizard
             ... wielding a +0,+1 orcish dagger
              (1 damage)
             ... on Level 6 of the Dungeon.
             The game lasted 00:05:40 (4356 turns).

Kae the Basher (Minotaur Berserker)                 Turns: 4356, Time: 00:05:40

HP   0/103       AC  3     Str 26      XL: 8   Next: 27%
MP   2/2         EV 15     Int  4      God: Trog [****..]
Gold 274         SH  0     Dex 15      Spells:  0 memorised,  7 levels left

Res.Fire  : . . .   See Invis. : .   x - +1 orc hammer (protect)
Res.Cold  : . . .   Warding    : .   b - +0 animal skin
Life Prot.: . . .   Conserve   : .   (no shield)
Res.Poison: .       Res.Corr.  : .   D - -5 wizard hat of the Gate {Str-2 Dex+4}
Res.Elec. : .       Clarity    : .   (no cloak)
Sust.Abil.: . .     Spirit.Shd : .   (no gloves)
Res.Mut.  : .       Stasis     : .   i - +0 pair of elf boots (curse)
Res.Rott. : .       Flight     : .   (no amulet)
Saprovore : . . .                    (no ring)
                                     (no ring)

@: berserking, very quick, slightly resistant to hostile enchantments, extremely
unstealthy
A: retaliatory headbutt, horns 2
a: Burn Spellbooks, Berserk, Trog's Hand, Brothers in Arms, Renounce Religion


You were on level 6 of the Dungeon.
You worshipped Trog.
Trog was extremely pleased with you.
You were very hungry.

You visited 1 branch of the dungeon, and saw 6 of its levels.

You collected 254 gold pieces.

Inventory:

Hand weapons
 a - a cursed +0,+0 mace
 w - a -3,-2 orcish hammer
 x - a +1,+1 orcish hammer of protection (weapon)
Armour
 b - a +0 animal skin (worn)
 i - a cursed +0 pair of elven boots (worn)
 D - the cursed -5 wizard hat of the Gate (worn) {Str-2 Dex+4}
   (You found it on level 5 of the Dungeon)

   It affects your strength (-2).
   It affects your dexterity (+4).
   It has a curse placed upon it.
Comestibles
 n - 2 meat rations
 q - 5 bread rations
Scrolls
 c - 4 scrolls of identify {unknown}
 d - a scroll of enchant armour {unknown}
 e - a scroll of teleportation
 g - a scroll of curse weapon {unknown}
 h - a scroll of curse armour
 l - a scroll of blinking
 p - a scroll of random uselessness {unknown}
 B - a scroll of recharging {unknown}
 C - a scroll of remove curse {unknown}
 E - a scroll of immolation {unknown}
Jewellery
 k - a +3 ring of dexterity {unknown}
 t - a +5 ring of strength {unknown}
 y - an uncursed ring of protection from magic {unknown}
 A - an uncursed ring of magical power {unknown}
Potions
 f - a potion of slowing {unknown}
 j - 2 potions of curing {unknown}
 m - a potion of heal wounds {unknown}
 o - 3 potions of might
 r - a potion of speed {unknown}
 s - a potion of mutation {unknown}
 u - a potion of restore abilities {unknown}
 v - a potion of agility {unknown}
 z - a potion of degeneration {unknown}


   Skills:
 + Level 6.3 Fighting
 * Level 8.3 Maces & Flails
 + Level 5.2 Armour
 + Level 5.1 Dodging


You had 7 spell levels left.
You didn't know any spells.

Dungeon Overview and Level Annotations

Branches:
Dungeon (6/27)
 Temple: D:4-7          Orc: D:6-11

Altars:
Makhleb
Trog
Yredelemnul

Shops:
D:5: [


Innate Abilities, Weirdness & Mutations

You reflexively headbutt those who attack you in melee.
You have a pair of horns on your head.


Message History

You are too injured to fight recklessly!
Unknown command.
Use which ability? (? or * to list)
A red film seems to cover your vision as you go berserk!
You feel yourself moving faster!
You feel mighty!
You are feeling very hungry.
The orc wizard hits you with an orcish dagger.
* * * LOW HITPOINT WARNING * * *
The orc warrior hits you with an orcish great mace!
* * * LOW HITPOINT WARNING * * *
You sock the orc warrior!
The orc warrior is almost dead.
The orc wizard closely misses you. The orc warrior closely misses you.
You furiously retaliate!
You headbutt the orc warrior!!
You kill the orc warrior!
Trog accepts your kill.
You sock the orc wizard! Your headbutt misses the orc wizard.
The orc wizard is heavily wounded.
The orc wizard hits you with an orcish dagger.
You die...

#....# #.#.........#
#....# #.###...#####
####.# #.# #...#
...##.###...#
............#
...##.###.########
... # #)#.......
#.###.#.!.....#
#.)@..........#
......!o...#.......#
####...........###
#......######
#......# ######.#
..# ###


You could see an orc wizard.

Vanquished Creatures
  Grinder (D:3)
  Menkaure (D:4)
  An orc warrior (D:6)
  2 sky beasts (D:5)
  2 ogres
  Sigmund (D:5)
  A crimson imp (D:3)
  An orc priest (D:3)
  A hound (D:5)
  A scorpion (D:4)
  An orc wizard (D:3)
  2 worker ants (D:4)
  Ijyb (D:3)
  5 adders
  2 worms (D:3)
  A bat skeleton (D:4)
  4 giant geckos (D:4)
  11 orcs
  A ball python (D:1)
  14 bats
  5 giant cockroaches
  9 goblins
  17 hobgoblins
  2 jackals (D:3)
  10 kobolds
  A spectral orc (D:3)
  6 giant newts
  An orc zombie (D:5)
  4 quokkas
  7 rats
116 creatures vanquished.

Notes
Turn   | Place    | Note
--------------------------------------------------------------
     0 | D:1      | Kae, the Minotaur Berserker, began the quest for the Orb.
     0 | D:1      | Reached XP level 1. HP: 19/19 MP: 0/0
   112 | D:1      | Reached skill level 4 in Fighting
   246 | D:1      | Reached XP level 2. HP: 24/27 MP: 0/0
   835 | D:1      | Acquired Trog's second power
   981 | D:2      | Reached XP level 3. HP: 29/33 MP: 1/1
  1624 | D:3      | Found a bloodstained altar of Trog.
  1659 | D:3      | Noticed Ijyb
  1668 | D:3      | Killed Ijyb
  1668 | D:3      | Reached XP level 4. HP: 29/40 MP: 1/1
  1720 | D:3      | Reached skill level 5 in Maces & Flails
  2134 | D:3      | Reached XP level 5. HP: 39/46 MP: 1/1
  2140 | D:3      | Found a basalt altar of Yredelemnul.
  2386 | D:3      | Reached skill level 5 in Fighting
  2498 | D:3      | Noticed Grinder
  2501 | D:3      | Paralysed by Grinder for 3 turns
  2507 | D:3      | Paralysed by Grinder for 4 turns
  2515 | D:3      | Paralysed by Grinder for 5 turns
  2521 | D:3      | Paralysed by Grinder for 5 turns
  2535 | D:3      | Killed Grinder
  2535 | D:3      | Reached skill level 6 in Maces & Flails
  2535 | D:3      | Reached XP level 6. HP: 11/55 MP: 2/2
  2936 | D:4      | Noticed Menkaure
  3107 | D:4      | Killed Menkaure
  3107 | D:4      | Reached skill level 7 in Maces & Flails
  3107 | D:4      | Reached XP level 7. HP: 60/60 MP: 2/2
  3158 | D:4      | Acquired Trog's third power
  3438 | D:4      | Found a burning altar of Makhleb.
  3510 | D:5      | Entered Level 5 of the Dungeon
  3580 | D:5      | Noticed Sigmund
  3587 | D:5      | Killed Sigmund
  3591 | D:5      | Reached skill level 5 in Armour
  3611 | D:5      | Found Ghegea's Armour Boutique.
  3716 | D:5      | Reached XP level 8. HP: 18/69 MP: 2/2
  4116 | D:5      | Reached skill level 8 in Maces & Flails
  4116 | D:5      | Reached skill level 5 in Dodging
  4277 | D:5      | Got a brightly glowing wizard hat
  4280 | D:5      | Identified the cursed -5 wizard hat of the Gate {Str-2 Dex+4} (You found it on level 5 of the Dungeon)
  4354 | D:6      | HP: 1/103 [orc warrior/orcish great mace (15)]
  4356 | D:6      | Slain by an orc wizard

Action                   |  1- 3 |  4- 6 |  7- 9 || total
-------------------------+-------+-------+-------++-------
Melee: Mace              |   101 |    26 |       ||   127
       Hammer            |       |    92 |    97 ||   189
Invok: Berserk           |       |     2 |     1 ||     3
  Use: Scroll            |       |    10 |       ||    10
 Stab: Sleeping          |     1 |     1 |       ||     2
